 Dungeon Crawl Stone Soup version 0.31.0-4-g52a2dc7128 (webtiles) character file.

Game seed: 11634823071886956777

30 cdecastro the Ruffian (level 3, 0/28 HPs)
             Began as a Draconian Shapeshifter on Jan 22, 2024.
             Slain by an orc
             ... wielding a +0 club
              (3 damage)
             ... on level 1 of the Dungeon.
             The game lasted 00:02:18 (906 turns).

cdecastro the Ruffian (Draconian Shapeshifter)       Turns: 906, Time: 00:02:18

Health: 0/28       AC:  5    Str: 16    XL:     3   Next: 5%
Magic:  3/3        EV: 12    Int: 10    God:
Gold:   79         SH:  0    Dex: 12    Spells: 2/2 levels left

rFire   . .          .
                       - Unarmed
rCold   . . .        (no shield)
rNeg    . . .        (body armour unavailable)
rPois   .            (helmet currently unavailable)
rElec   .            (cloak currently unavailable)
rCorr   .            (gloves currently unavailable)
SInv    .            (boots currently unavailable)
Will    +....        (no amulet)
Stlth   +            d - ring of willpower
HPRegen 0.24/turn    (no ring)
MPRegen 0.08/turn

%: no passive effects
@: beast-form
A: beast (slay +1), AC +5, unfitting armour, cold-blooded
a: Begin Untransformation


You were on level 1 of the Dungeon.
You were a hulking beast.
You visited 1 branch of the dungeon, and saw 2 of its levels.

You collected 79 gold pieces.

Inventory:

Armour
 i - a +0 cloak
Jewellery
 d - a ring of willpower (left hand)
Talismans
 b - a beast talisman
 c - a flux talisman
Scrolls
 e - a scroll of teleportation {unknown}
 f - a scroll of fear {unknown}
 g - a scroll of revelation {unknown}
Potions
 a - a potion of lignification
 h - a potion of haste {unknown}
 j - a potion of mutation {unknown}


   Skills:
 - Level 1.1 Fighting
 - Level 1.7 Dodging
 * Level 3.8 Unarmed Combat
 + Level 3.3 Shapeshifting


You had 2 spell levels left.
You didn't know any spells.
Your spell library was empty.

Dungeon Overview and Level Annotations

Branches:
Dungeon (2/15)

Altars:


Innate Abilities, Weirdness & Mutations

You are a hulking beast.
Your limbs bulge with bestial killing power. (Slay +1)
Your plain brown scales are hard. (AC +5)
You cannot fit into any form of body armour.
You are cold-blooded and may be slowed by cold attacks.


Message History

You closely miss the orc priest.
The orc priest is lightly wounded.
The orc hits you with a +0 club. The orc priest barely misses you.
You hit the orc priest.
Your tail-slap misses the orc priest.
The orc priest is heavily wounded.
The orc barely misses you.
The orc priest begins to cast a cantrip, but forgets the words!
You barely miss the orc priest.
The orc priest is heavily wounded.
The orc hits you with a +0 club. The orc priest hits you with a +0 club.
You hit the orc priest.
Your tail-slap misses the orc priest.
Your punch misses the orc priest.
The orc priest is severely wounded.
The orc hits you with a +0 club.
* * * LOW HITPOINT WARNING * * *
The orc priest hits you with a +0 club.
* * * LOW HITPOINT WARNING * * *
You hit the orc priest but do no damage.
Your tail-slap misses the orc priest.
The orc priest is severely wounded.
The orc hits you with a +0 club.
* * * LOW HITPOINT WARNING * * *
The orc priest hits you with a +0 club.
* * * LOW HITPOINT WARNING * * *
You barely miss the orc priest.
The orc priest is severely wounded.
The orc completely misses you. The orc priest hits you with a +0 club.
* * * LOW HITPOINT WARNING * * *
You hit the orc priest.
The orc priest is almost dead.
The orc hits you but does no damage. The orc priest misses you.
Unknown command.
You closely miss the orc priest.
Your tail-slap misses the orc priest.
The orc priest is almost dead.
The orc hits you but does no damage. The orc priest barely misses you.
Unknown command.
You hit the orc priest but do no damage.
The orc priest is almost dead.
The orc hits you with a +0 club.
You die...

#.#......#.###.....## ####.#
#.##....##.# ##...## ##.##
#.##....##.# ##'## #...#
#..##..##..# #.# #.#.#
...##..##..# #.# #..[#
....####...# ##.## ##.##
....####..#####...#### #.#
#..†.##..#......oo...# #.#
..#..##..#.####.h.##.########.#
.#..####......##.###..........#
....####...##.##.# ############
...##..##..##.##.#
...##..##..##.##.#
..##....##.##.##.#
..##....##....##.#
#.#......#.#####.# #.#....†.#.#
#.#


You could see an orc priest and an orc.

Vanquished Creatures
  An orc (D:2)
  3 ball pythons (D:1)
  2 endoplasms (D:1)
  2 goblins
  2 hobgoblins (D:1)
  7 jackals (D:1)
  A kobold (D:1)
  2 quokkas (D:1)
  2 bats (D:1)
  A rat (D:1)
23 creatures vanquished.

Notes
Turn   | Place    | Note
-------+----------+-------------------------------------------
     0 | D:1      | cdecastro the Draconian Shapeshifter began the quest for
                  | the Orb.
     0 | D:1      | Reached XP level 1. HP: 16/16 MP: 1/1
   115 | D:1      | Reached XP level 2. HP: 17/23 MP: 2/2
   886 | D:2      | Reached XP level 3. HP: 26/28 MP: 3/3
   906 | D:1      | Slain by an orc

Illustrated notes

Levels and vault maps discovered:
D:1:      lordsloth_arrival_two_stooges, layout_loops_corners,
          minmay_misc_feat_x
D:2:      layout_basic

Action                     || total
---------------------------++-------
  Melee: Unarmed           ||    80
         Tailslap          ||     6
 Armour: Skin              ||    56
  Dodge: Dodged            ||    47
